AoeStats
← Der Sprudel

Arena

507495583Analyzed
1v1 RM · 13d ago on Sep 18, 2026· 35m 9s· 2 players
Game mode
Random Map
Map size
Tiny (2 player)
Population
200
Speed
Normal
Resources
Standard
Victory
Conquest
Starting age
Dark Age
Ending age
Imperial Age
RankedLock teamsTeams togetherTeam positionsShared explorationLock speedFull tech treeHidden civsTurbo modeCheats
Victory
Defeat
🇩🇪 Turks · Germany
1268
+15
🇺🇸 Chinese · United States
1257
-15
Odie
10:48 Feudal Age
14:48 Castle Age
12:48 Double-Bit Axe
13:00 Horse Collar
15:11 Wheelbarrow
16:08 Wheelbarrow
15:57 Bow Saw
15:55 Heavy Plow
21:33 Hand Cart
21:20 Stone Mining
21:23 Loom
22:13 Gold Mining
23:00 Stone Shaft Mining
22:54 Fletching
23:50 Gold Shaft Mining
24:36 Bodkin Arrow
29:34 Imperial Age
27:55 Ballistics
27:31 Murder Holes
28:10 Thumb Ring
29:41 Padded Archer Armor
29:48 Heavy Cavalry Archer
30:50 Conscription
30:43 Bracer
30:59 Leather Archer Armor
33:28 Husbandry
33:39 Bloodlines
34:25 Forging
34:21 Scale Barding Armor
34:02 Light Cavalry
Der Sprudel
10:40 Feudal Age
14:31 Castle Age
12:48 Double-Bit Axe
17:27 Horse Collar
20:38 Wheelbarrow
20:20 Gold Mining
25:12 Imperial Age
24:09 Bow Saw
24:22 Padded Archer Armor
25:05 Heavy Plow
27:09 Leather Archer Armor
30:33 Scale Barding Armor
33:19 Ring Archer Armor
Connection lost

Rejoining the realm…

Still unreachable

The connection could not be restored.

Session expired

The server has moved on; the page needs a fresh start.